 Dungeon Crawl Stone Soup version 0.27-a0-1325-g58a489ad9e (webtiles) character file.

Game seed: 2421225731095446293

12000 Delamore the Spear-Bearer (level 12, -1/93 HPs)
             Began as a Formicid Fighter on June 24, 2021.
             Was an Initiate of Gozag.
             Slain by a sixfirhy (12 damage)
             ... in a Gauntlet.
             The game lasted 00:13:47 (15142 turns).

Delamore the Spear-Bearer (Formicid Fighter)       Turns: 15142, Time: 00:13:47

Health: -1/93      AC: 15    Str: 32    XL:     12   Next: 14%
Magic:  12/12      EV:  8    Int: 14    God:    Gozag
Gold:   727        SH: 14    Dex: 10    Spells: 11/11 levels left

rFire    . . .     SeeInvis +   a - +1 trident (venom)
rCold    + . .     Faith    .   E - +2 kite shield
rNeg     . . .     Spirit   .   f - +2 chain mail {rC+}
rPois    .         Reflect  .   (helmet unavailable)
rElec    .         Harm     .   p - scarf {repulsion}
rCorr    .         Rampage  .   h - +2 pair of gloves
Will     +....                  (no boots)
Stlth    ..........             (no amulet)
HPRegen  0.25/turn              m - +6 ring of intelligence
MPRegen  0.13/turn              x - +6 ring of strength

@: repel missiles
A: permanent stasis, dig shafts and tunnels, antennae 3, four strong arms
a: Dig, Renounce Religion, Potion Petition, Call Merchant, Bribe Branch


You were in a Gauntlet.
You worshipped Gozag.
Gozag was pleased with you.
You visited 3 branches of the dungeon, and saw 12 of its levels.
You also visited: Gauntlet.

You collected 2812 gold pieces.
You paid 2085 gold pieces to Gozag.

Inventory:

Hand Weapons
 a - a +1 trident of venom (weapon)
 t - a +0 halberd
Missiles
 r - 13 boomerangs
 u - 2 boomerangs of dispersal
 v - a throwing net
 G - 31 poisoned darts (quivered)
Armour
 b - a +0 scale mail
 c - a +0 kite shield
 f - a +2 chain mail of cold resistance (worn)
 h - a +2 pair of gloves (worn)
 n - a +0 cloak
 p - a scarf of repulsion (worn)
 E - a +2 kite shield (worn)
Jewellery
 m - a +6 ring of intelligence (left hand)
 x - a +6 ring of strength (right hand)
Wands
 y - a wand of iceblast (10)
 z - a wand of acid (11)
 A - a wand of flame (18)
 I - a wand of polymorph (17)
Scrolls
 j - 3 scrolls of noise
 F - a scroll of immolation
 J - 2 scrolls of amnesia
Potions
 d - 3 potions of might
 e - 3 potions of magic
 g - a potion of attraction
 i - a potion of mutation
 k - 3 potions of brilliance
 l - a potion of haste
 o - 2 potions of degeneration
 q - a potion of ambrosia
 s - a potion of invisibility
 C - a potion of cancellation {unknown}
 D - a potion of berserk rage {unknown}
Miscellaneous
 K - a phantom mirror (inert)


   Skills:
 + Level 8.2 Fighting
 - Level 14.0 Polearms
 + Level 7.2 Armour
 - Level 7.0 Shields
 + Level 6.2 Evocations


You had 11 spell levels left.
You didn't know any spells.
Your spell library contained the following spells:

 Spells                   Type           Power      Damage    Failure   Level
 Foxfire                  Conj/Fire      0%         2x1d4     87%         1
 Magic Dart               Conj           0%         1d3       87%         1
 Searing Ray              Conj           0%         3d3       95%         2
 Conjure Flame            Conj/Fire      0%         6-21      99%         3
 Dazzling Flash           Conj/Hex       0%         N/A       99%         3
 Inner Flame              Hex/Fire       0%         N/A       99%         3
 Fulminant Prism          Conj/Hex       0%         3d6       100%        4
 Iskenderun's Mystic Bla  Conj/Tloc      0%         2d3       100%        4
 Sticky Flame             Conj/Fire      0%         2d3       100%        4
 Fireball                 Conj/Fire      0%         3d3       100%        5


Dungeon Overview and Level Annotations

Branches:
Dungeon (9/15)             Temple (1/1) D:5            Lair (2/6) D:9
    Orc (0/2) D:9         Gauntlet (1/1)
  Swamp: Lair:2-4    Shoals: Lair:2-4     Snake: Lair:2-4    Spider: Lair:2-4

Altars:
Ashenzari
Dithmenos
Elyvilon
Fedhas
Gozag
Makhleb
Okawaru
Qazlal
Ru
Sif Muna
Trog
Uskayaw
Vehumet
Wu Jian
Xom
The Shining One

Shops:
D:5 (   D:7 [

Annotations:
Gauntlet 11 transporters, 4 runed translucent doors, exclusion: obsidian statue


Innate Abilities, Weirdness & Mutations

You cannot be hasted, slowed, berserked, paralysed or teleported.
You can dig through walls and to a lower floor.
You have a pair of large antennae on your head. (SInv)
Your four strong arms can wield two-handed weapons with a shield.


Message History

HP restored.
Okay, then.
There is a transporter here.
You enter the transporter and appear at another place.
The neqoxec shouts!
No reachable target in view!
No reachable target in view!
There is a transporter landing site here.
No reachable target in view!
No reachable target in view!
No reachable target in view!
The sixfirhy hits you! The sixfirhy shocks you!
You block the sixfirhy's attack.
You barely miss the sixfirhy. The sixfirhy hits you! The sixfirhy shocks you!
The sixfirhy hits you but does no damage.
The ufetubus hits you.
The ufetubus hits you but does no damage.
The sixfirhy hits you. The sixfirhy shocks you!
You are too injured to fight recklessly!
You are too injured to fight recklessly!
The sixfirhy hits you but does no damage.
There is a transporter landing site here.
You closely miss the sixfirhy. You miss the sixfirhy.
You completely miss the sixfirhy. The sixfirhy completely misses you.
You hit the sixfirhy but do no damage. You block the sixfirhy's attack.
The sixfirhy hits you but does no damage.
The sixfirhy hits you. The sixfirhy shocks you!
* * * LOW HITPOINT WARNING * * *
You completely miss the sixfirhy. You block the sixfirhy's attack. x2
The sixfirhy hits you but does no damage.
Aiming: Phantom Mirror
Press: ? - help, Dir - move target, f/p - sixfirhy
Aim: a sixfirhy You reflect the sixfirhy with the mirror!
The mirror clouds!
The sixfirhy hits you.
* * * LOW HITPOINT WARNING * * *
The sixfirhy shocks you!
You die...
Your body crumbles into a pile of gold.

##.##.*#..##.###...###.#.####
##≈.#.##3##x#.###t..###.#.....
#≈≈.###################.######
##≈....#©....©....©#.......#©.
##..♣.#############..P♣...###
##≈.P....#.!?©...#.....P.....#
#≈≈.P..♣.#..#....#...#≈#≈#P..#
##≈....P.#.###...#.P.≈≈≈≈≈.P.#
##....♣.#..#@#..#.♣P#≈#≈#.♣.#
#≈...P.#.53###.#.PP≈≈≈≈≈...#
#≈≈..♣.#..5{#5.#..P#≈#≈#P..#
####...#....5..#...........#
#≈..#####################
#≈≈....#©.........©......
####...##################
#≈.........#bbb©[..#..
#≈≈..♣PPP♣.#t###...#.♣


You could see a ghost crab, a sixfirhy and 2 ufetubi.

Vanquished Creatures
  A hydra (Lair:1)
  A two-headed ogre (D:9)
  A swamp dragon (Lair:1)
  A cyclops (D:7)
  A cane toad (Lair:1)
  A troll (D:8)
  4 slime creatures (D:9)
  A wyvern (D:9)
  A wraith (D:9)
  18 yaks
  A fire bat (Gauntlet)
  6 vampire mosquitoes (Lair:1)
  A steam dragon (D:7)
  Menkaure (D:5)
  4 water moccasins
  Duvessa (D:4)
  2 orc warriors (D:7)
  3 sky beasts
  2 ice beasts
  A centaur (D:6)
  3 ogres
  2 wolves (D:9)
  2 kobold brigands (D:8)
  3 scorpions
  2 gnoll sergeants
  2 water moccasin zombies
  Dowan (D:4)
  2 wyvern skeletons (D:7)
  10 killer bees
  8 wights
  3 howler monkeys (D:8)
  An electric eel (D:9)
  A bullfrog zombie (D:5)
  2 centaur zombies
  8 hounds
  5 centaur skeletons
  A gnoll shaman (D:6)
  6 orc priests
  Crazy Yiuf (D:2)
  An iguana (D:4)
  8 orc wizards
  A howler monkey zombie (D:7)
  9 gnolls
  5 adders
  2 white imps (D:7)
  An ufetubus (D:5)
  2 adder skeletons
  3 worms
  4 dart slugs
  34 orcs
  12 ball pythons
  9 endoplasms
  3 giant cockroaches
  6 hobgoblins
  9 jackals
  3 quokkas
  5 bats
  4 frilled lizards
  5 goblins
  28 kobolds
  6 rats
275 creatures vanquished.

Vanquished Creatures (others)
  2 fungi (Lair:1)
  3 plants
5 creatures vanquished.

Grand Total: 280 creatures vanquished

Notes
Turn   | Place    | Note
-------+----------+-------------------------------------------
     0 | D:1      | Delamore the Formicid Fighter began the quest for the Orb.
     0 | D:1      | Reached XP level 1. HP: 18/18 MP: 1/1
   454 | D:1      | Reached XP level 2. HP: 19/24 MP: 2/2
   970 | D:1      | Reached XP level 3. HP: 24/30 MP: 3/3
   974 | D:1      | Reached skill level 3 in Polearms
  1192 | D:2      | Identified a scroll of acquirement
  1192 | D:2      | Acquired 887 gold pieces
  1381 | D:2      | Found a radiant altar of Vehumet.
  1450 | D:2      | Reached XP level 4. HP: 33/37 MP: 4/4
  2185 | D:2      | Found a runed translucent door.
  2186 | D:2      | Noticed Crazy Yiuf
  2336 | D:2      | Killed Crazy Yiuf
  2337 | D:2      | Reached skill level 4 in Polearms
  2337 | D:2      | Reached XP level 5. HP: 38/43 MP: 5/5
  3532 | D:4      | Reached XP level 6. HP: 49/49 MP: 6/6
  3573 | D:4      | Reached skill level 5 in Polearms
  3677 | D:4      | Reached skill level 5 in Fighting
  3769 | D:4      | Reached XP level 7. HP: 56/56 MP: 7/7
  3797 | D:4      | Noticed Dowan
  3799 | D:4      | Noticed Duvessa
  3821 | D:4      | Killed Duvessa
  3822 | D:4      | Reached skill level 6 in Polearms
  3843 | D:5      | Entered Level 5 of the Dungeon
  4059 | D:4      | Killed Dowan
  4260 | D:4      | Reached skill level 5 in Shields
  4573 | D:5      | Found a staircase to the Ecumenical Temple.
  4597 | D:5      | Reached skill level 7 in Polearms
  4597 | D:5      | Reached XP level 8. HP: 31/62 MP: 8/8
  4738 | Temple   | Entered the Ecumenical Temple
  4949 | Temple   | Became a worshipper of Gozag Ym Sagoz the Greedy
  5249 | D:5      | Noticed Menkaure
  5263 | D:5      | Killed Menkaure
  5293 | D:5      | Reached skill level 8 in Polearms
  6394 | D:6      | Reached XP level 9. HP: 50/68 MP: 9/9
  6488 | D:6      | Reached skill level 9 in Polearms
  6509 | D:6      | Found a glowing golden altar of the Shining One.
  6522 | D:6      | Found a bloodstained altar of Trog.
  6689 | D:6      | Found a sacrificial altar of Ru.
  6776 | D:6      | Found an iron altar of Okawaru.
  6776 | D:6      | Found a shimmering blue altar of Sif Muna.
  6778 | D:6      | Found a white marble altar of Elyvilon.
  7301 | D:7      | Reached skill level 10 in Polearms
  7576 | D:7      | Reached skill level 11 in Polearms
  7593 | D:7      | Reached XP level 10. HP: 54/74 MP: 10/10
  7634 | D:7      | Reached skill level 12 in Polearms
  7860 | D:7      | Found an ornate altar of the Wu Jian Council.
  8200 | D:7      | Noticed a cyclops
  8563 | D:7      | Killed a cyclops
  9088 | D:8      | Reached skill level 13 in Polearms
  9149 | D:8      | Found a shimmering altar of Xom.
 10630 | D:9      | Reached XP level 11. HP: 61/76 MP: 11/11
 10639 | D:9      | Reached skill level 14 in Polearms
 10643 | D:9      | Reached skill level 1 in Evocations
 10808 | D:9      | Noticed a +0 hand axe
 10809 | D:9      | Noticed a +0 dagger
 10810 | D:9      | Found a hide-covered altar of Uskayaw.
 11054 | D:9      | Found a staircase to the Orcish Mines.
 11368 | D:8      | Reached skill level 5 in Armour
 11584 | D:9      | Found a staircase to the Lair.
 11971 | D:9      | Noticed a two-headed ogre
 12019 | D:9      | Killed a two-headed ogre
 12374 | D:9      | Reached skill level 5 in Evocations
 12869 | Lair:1   | Entered Level 1 of the Lair of Beasts
 13617 | Lair:1   | Noticed a swamp dragon
 13619 | Lair:1   | Noticed a four-headed hydra
 13637 | Lair:1   | Killed a swamp dragon
 13638 | Lair:1   | Reached XP level 12. HP: 19/92 MP: 12/12
 13648 | Lair:1   | Killed a four-headed hydra
 14662 | Lair:2   | Found a gate leading to a gauntlet.
 14689 | Gauntlet | Entered a Gauntlet
 14689 | Gauntlet | Found a transporter.
 14689 | Gauntlet | Noticed a fire crab
 14695 | Gauntlet | Found a transporter.
 14698 | Gauntlet | Found a transporter.
 14698 | Gauntlet | Noticed a sixfirhy
 14712 | Gauntlet | Found a transporter.
 14713 | Gauntlet | Found a transporter.
 14717 | Gauntlet | Noticed a wretched star
 14725 | Gauntlet | Found a transporter.
 14737 | Gauntlet | Noticed a ghost crab
 14739 | Gauntlet | Found a runed translucent door.
 14740 | Gauntlet | Found a transporter.
 14741 | Gauntlet | Found a runed translucent door.
 14750 | Gauntlet | Found a transporter.
 14760 | Gauntlet | Found a transporter.
 14760 | Gauntlet | Found a transporter.
 14761 | Gauntlet | Noticed an entropy weaver
 14771 | Gauntlet | Found a transporter.
 14774 | Gauntlet | Found a transporter.
 14804 | Gauntlet | Found a runed translucent door.
 14806 | Gauntlet | Found a transporter.
 14808 | Gauntlet | Found a runed translucent door.
 14820 | Gauntlet | Found a transporter.
 15142 | Gauntlet | Slain by a sixfirhy

Illustrated notes

Levels and vault maps discovered:
D:1:      dpeg_arrival_three_smaller_balls, layout_basic
D:2:      layout_basic, basic_altar, minmay_divided_ellipse,
          uniq_crazy_yiuf_cottage
D:3:      layout_loops_corners, hangedman_glass_teeth
D:4:      layout_rooms, minivault_5, uniq_duvessa
D:5:      layout_gridville, minmay_temple_entry_arrows, uniq_menkaure
D:6:      layout_cave_pods, chequers_temple_overflow_statue_of_worship,
          lemuel_crystal_altar, trog_hazing_becter, hangedman_decor_opposing
D:7:      minmay_s_stair_smasher, layout_cave_pools,
          nicolae_overflow_crystal_walls
D:8:      layout_gridville, kennysheep_little_box, grunt_ministairs_8
D:9:      layout_roguey, dancing_weapons_uskayaw, erik_lair_island
Temple:   minmay_temple_curvy_loop
Lair:1:   layout_loops_ring, pond, serial_bayou_shore_b
Lair:2:   layout_long_grid, minmay_snake_entry_spellcaster,
          gauntlet_entry_generic, special_room [special_room_bee]
Gauntlet: minmay_gauntlet_77_tree [minmay_gauntlet_arena_77_block_sizes,
          minmay_gauntlet_arena_77_double_cross,
          minmay_gauntlet_arena_77_broken_ladder,
          minmay_gauntlet_arena_77_tiled_triplets,
          minmay_gauntlet_arena_77_cramped,
          minmay_gauntlet_arena_77_hold_the_fort,
          minmay_gauntlet_arena_77_shame_cube,
          nicolae_gauntlet_exit_dead_adventurers]

Skill      XL: |  1  2  3  4  5  6  7  8  9 10 11 12 |
---------------+-------------------------------------+-----
Polearms       | 3 4 5 7 8 11 13 14 | 14.0
Fighting       | 4 5 7 8 |  8.2
Shields        | 4 5 7 |  7.0
Evocations     | 5 6 |  6.2
Armour         | 6 7 |  7.2

Action                   |  1- 3 |  4- 6 |  7- 9 | 10-12 || total
-------------------------+-------+-------+-------+-------++-------
Melee: Trident           |   112 |   215 |   309 |   608 ||  1244
Throw: Dart              |       |       |       |     4 ||     4
Invok: Call Merchant     |       |       |     2 |       ||     2
       Potion Petition   |       |       |       |     2 ||     2
 Abil: Dig               |     1 |       |    19 |     6 ||    26
Evoke: Phantom mirror    |       |       |       |     1 ||     1
  Use: Scroll            |     2 |     4 |     6 |     6 ||    18
       Potion            |       |       |     6 |     1 ||     7
 Stab: Distracted        |       |     1 |     2 |     3 ||     6
       Invisible         |       |     1 |       |       ||     1
Armor: Scale mail        |    35 |    79 |   107 |       ||   221
       Chain mail        |       |       |    11 |   144 ||   155
Dodge: Dodged            |    21 |    56 |    74 |    94 ||   245
       Repelled          |       |       |       |     3 ||     3
Block: Kite shield       |    44 |    92 |   142 |   305 ||   583

Table legend: (Time is in decaauts)
 A = Elapsed time spent in this place.
 B = Non-inter-level travel time spent in this place.
 C = Inter-level travel time spent in this place.
 D = Time resting spent in this place.
 E = Time spent auto-exploring this place.
 F = Levels seen in this place.
 G = Mean time per level.
                   A        B        C        D        E       F      G
               +--------+--------+--------+--------+--------+-----+--------+
         Total |  15056 |  14510 |    546 |   4050 |   8121 |  13 | 1158.2 |
       Dungeon |  12538 |  12084 |    454 |   3076 |   7000 |   9 | 1393.1 |
        Temple |    276 |    205 |     71 |      0 |    200 |   1 |  276.0 |
          Lair |   1793 |   1772 |     21 |    727 |    920 |   2 |  896.5 |
      Gauntlet |    447 |    447 |      0 |    247 |      0 |   1 |  447.0 |
               +--------+--------+--------+--------+--------+-----+--------+

Top non-repeatable levels by time:
     D:9: 1988 daAuts
  Lair:1: 1771 daAuts
     D:6: 1735 daAuts
     D:7: 1531 daAuts
     D:8: 1462 daAuts
     D:3: 1302 daAuts
     D:2: 1267 daAuts
     D:1: 1189 daAuts
     D:5: 1187 daAuts
     D:4: 873 daAuts
Gauntlet: 447 daAuts
  Temple: 276 daAuts
  Lair:2: 22 daAuts
